 Dungeon Crawl Stone Soup version 0.19.5 (webtiles) character file.

186 Zephyr the Cudgeler (level 5, -6/57 HPs)
             Began as an Ogre Monk on Oct 31, 2018.
             Mangled by a gnoll
             ... wielding a +0 flail
              (12 damage)
             ... on level 3 of the Dungeon.
             The game lasted 00:07:32 (2278 turns).

Zephyr the Cudgeler (Ogre Monk)                     Turns: 2278, Time: 00:07:32

Health: -6/57      AC:  3    Str: 17    XL:     5   Next: 66%
Magic:  5/5        EV: 11    Int:  9    God:
Gold:   96         SH:  0    Dex: 12    Spells: 0 memorised, 4 levels left

rFire  . . .     SeeInvis .     a - +0 mace
rCold  . . .     Gourm    .     b - +0 robe
rNeg   . . .     Faith    .     (no shield)
rPois  .         Spirit   .     (helmet restricted)
rElec  .         Reflect  .     (no cloak)
rCorr  .         Harm     .     (gloves unavailable)
MR     .....                    (boots unavailable)
Stlth  +.........               p - amulet of inaccuracy (curse)
                                (no ring)
                                (no ring)

@: glowing
A: unfitting armour, tough skin 1
a: no special abilities


You were on level 3 of the Dungeon.
You were hungry.

You visited 1 branch of the dungeon, and saw 3 of its levels.

You collected 96 gold pieces.

Inventory:

Hand Weapons
 a - a +0 mace (weapon)
Armour
 b - a +0 robe (worn)
Jewellery
 p - a cursed amulet of inaccuracy (around neck)
Scrolls
 d - 3 scrolls of recharging {unknown}
 e - 2 scrolls of remove curse {unknown}
 f - a scroll of amnesia {unknown}
 h - a scroll of blinking {unknown}
 k - a scroll of fog {unknown}
 n - a scroll of teleportation {unknown}
 o - a scroll of enchant armour {unknown}
Potions
 g - a potion of mutation {unknown}
 i - a potion of brilliance {unknown}
 l - a potion of flight {unknown}
 m - a potion of resistance {unknown}
Comestibles
 c - a bread ration
 j - 2 meat rations
 q - 3 fruits


   Skills:
 + Level 5.3 Fighting
 + Level 6.5 Maces & Flails
 + Level 3.5 Dodging
 - Level 1.4 Stealth


You had 4 spell levels left.
You didn't know any spells.

Dungeon Overview and Level Annotations

Branches:
Dungeon (3/15)

Altars:


Innate Abilities, Weirdness & Mutations

You are too large for most types of armour.
You have tough skin. (AC +1)


Message History

The gnoll hits you with a flail! The gnoll shaman completely misses you.
You barely miss the gnoll shaman.
The gnoll shaman is almost dead.
The gnoll hits you with a flail.
The gnoll shaman hits you but does no damage.
You barely miss the gnoll shaman.
The gnoll shaman is almost dead.
The gnoll closely misses you. The gnoll shaman hits you with a club!
* * * LOW HITPOINT WARNING * * *
You closely miss the gnoll shaman.
The gnoll shaman is almost dead.
The gnoll hits you with a flail.
* * * LOW HITPOINT WARNING * * *
The gnoll shaman hits you with a club.
* * * LOW HITPOINT WARNING * * *
You hit the gnoll shaman but do no damage.
The gnoll shaman is almost dead.
The gnoll shaman utters an invocation to its god.
The gnoll shaman is healed somewhat.
The gnoll hits you with a flail!
You die...

#...# #.# #...# #...
#...# ... #.).# ...
###########...# #.# #
#....>........# #.# ##
#.#######..#.#######
#.####. #.#
#..#.......####...... #.#
#...@g....#)#...####. #.#
#..)g...#.......# ## #.#
#..#.##.#.......# #.#
#.##.##.#..###..#
#.#######.##.......###..#
#.........##.##.#.##....#
########..##.##.#.##.##.#
#.(......#)##.##.#
#.#.)...##.......#


You could see a gnoll shaman and a gnoll.

Vanquished Creatures
  Jessica (D:2)
  An adder (D:2)
  8 gnolls
  2 oozes (D:1)
  A worm (D:2)
  5 dart slugs
  2 leopard geckos (D:3)
  5 bats
  2 giant cockroaches (D:2)
  7 goblins
  7 hobgoblins
  3 jackals (D:1)
  4 kobolds
  A quokka (D:3)
  A frilled lizard (D:2)
  3 rats
53 creatures vanquished.

Notes
Turn   | Place    | Note
-------+----------+-------------------------------------------
     0 | D:1      | Zephyr the Ogre Monk began the quest for the Orb.
     0 | D:1      | Reached XP level 1. HP: 24/24 MP: 1/1
    91 | D:1      | Reached XP level 2. HP: 32/32 MP: 2/2
   261 | D:1      | Reached XP level 3. HP: 40/40 MP: 3/3
   846 | D:2      | Reached skill level 5 in Maces & Flails
   853 | D:2      | Reached XP level 4. HP: 27/49 MP: 4/4
  1036 | D:2      | Noticed Jessica
  1041 | D:2      | Killed Jessica
  1168 | D:2      | Reached skill level 5 in Fighting
  1321 | D:3      | Reached XP level 5. HP: 46/57 MP: 5/5
  1324 | D:3      | Reached skill level 6 in Maces & Flails
  1615 | D:3      | HP: 2/57 [something (7)]
  2278 | D:3      | Mangled by a gnoll

Skill      XL: |  1  2  3  4  5 |
---------------+----------------+-----
Dodging        | 3 |  3.5
Maces & Flails | 5 6 |  6.5
Fighting       | 5 |  5.3
Stealth        | |  1.4

Action                   |  1- 3 |  4- 6 || total
-------------------------+-------+-------++-------
Melee: Mace              |    70 |   129 ||   199
 Stab: Sleeping          |     5 |     3 ||     8
       Distracted        |     1 |       ||     1
  Eat: Chunk             |       |     4 ||     4
Armor: Robe              |    19 |    21 ||    40
Dodge: Dodged            |    46 |    64 ||   110
